[Event "Late-Titled-Tuesday-Blitz-March-05-2024"]
[Site "Chess.com"]
[Date "2024.03.05"]
[Round "1"]
[White "Arlo2024"]
[Black "reevecanada"]
[Result "0-1"]
[WhiteElo "2298"]
[BlackElo "2609"]
[TimeControl "180+1"]
[EndTime "14:06:32 PST"]
[Termination "reevecanada won on time"]

1. e4 c5 2. Nc3 Nc6 3. g3 g6 4. Bg2 Bg7 5. d3 e6 6. Be3 b6 7.
Qd2 a6 8. Nge2 Nge7 9. Bh6 Bf6 10. O-O Bb7 11. a4 Qc7 12. Nd1 O-O-O 13. c3 d5 14.
exd5 Nxd5 15. Ne3 Ne5 16. d4 Nxe3 17. fxe3 Bxg2 18. Kxg2 Qc6+ 19. Kh3 Nf3 20. Qd3 c4 21. Qc2 Bg5 22. e4 Bxh6 23. Rxf3 f5 24. d5 exd5 25. Nd4 Qd7 26. exf5 Rde8 27. Kg2 Re4 28. f6 Rf8 29. Raf1 Rf7 30. Qf2 Bf8 31. Qd2 Bc5 32. Ne2 g5 33. Rf5 Qe6 34. Nd4 Bxd4 35. cxd4 Re2+ 0-1

[Event "Late-Titled-Tuesday-Blitz-March-05-2024"]
[Site "Chess.com"]
[Date "2024.03.05"]
[Round "1"]
[White "ElDivis"]
[Black "baki83"]
[Result "0-1"]
[WhiteElo "2472"]
[BlackElo "2807"]
[TimeControl "180+1"]
[EndTime "14:06:33 PST"]
[Termination "baki83 won by resignation"]

1. Nf3 d5 2. g3 Nc6 3. Bg2 e5 4. O-O e4 5. Ne1 f5 6. d3 Nf6 7. dxe4 fxe4 8. Bg5 Be7 9. c4 dxc4 10. Qxd8+ Bxd8 11. Nd2 Be6 12. Rc1 Nd4 13. Rd1 c3 14.
bxc3 Nxe2+ 15. Kh1 Nxc3 16. Rc1 h6 17. Rxc3 hxg5 18. Nxe4 Nxe4 19. Bxe4 Rb8 20. Re3 Kf7 21. Nf3 Bf6 22. Bg6+ Kxg6 23. Rxe6 Rhe8 24. Rxe8 Rxe8 25. Rc1 c6 26. Rb1 b5 27. Rc1 Re6 28. Kg2 a5 29.
Rc5 g4 30. Nd2 a4 31. Nf1 Bd4 32. Rc2 c5 33. h3 gxh3+ 34. Kxh3 b4 35. Nd2 Re2 0-1

[Event "Late-Titled-Tuesday-Blitz-March-05-2024"]
[Site "Chess.com"]
[Date "2024.03.05"]
[Round "1"]
[White "nindjaxx8"]
[Black "viniciusrego"]
[Result "1-0"]
[WhiteElo "2709"]
[BlackElo "2418"]
[TimeControl "180+1"]
[EndTime "14:06:33 PST"]
[Termination "nindjaxx8 won by resignation"]

1. d4 g6 2. c4 Bg7 3. Nc3 c5 4. e3 cxd4 5. exd4 Nf6 6. Nf3 d5 7. Be3 O-O 8. Be2 Nc6 9. O-O Bg4 10. c5 Bxf3 11. Bxf3 e6 12. Rb1 b6 13. b4 bxc5 14.
bxc5 Na5 15. Qa4 Nc4 16. Be2 Nxe3 17. fxe3 Bh6 18. Rf3 Ng4 19. Nd1 Rb8 20. Rc1 Qh4 21. h3 Qe1+ 22. Bf1 Nxe3 23. Ra1 Nxf1 24. Rxf1 Be3+ 25.
Nxe3 Qxe3+ 26. Kh1 Rb2 27. Qxa7 Qxd4 28. Qe7 Rc2 29. Rac1 Qe4 30. Rxc2 Qxc2 31. a3 Qc4 32. Rf3 d4 33. Qd6 Rc8 34. Qd7 e5 35. Qxc8+ 1-0

[Event "Late-Titled-Tuesday-Blitz-March-05-2024"]
[Site "Chess.com"]
[Date "2024.03.05"]
[Round "1"]
[White "Hikaru"]
[Black "Orest_Vovk"]
[Result "1-0"]
[WhiteElo "3257"]
[BlackElo "2533"]
[TimeControl "180+1"]
[EndTime "14:06:34 PST"]
[Termination "Hikaru won by resignation"]

1. Nf3 h6 2. e4 g5 3. d4 Bg7 4.
Bc4 c5 5. dxc5 Qa5+ 6. c3 Qxc5 7. Bb3 Nc6 8. Be3 Qa5 9. Nbd2 g4 10. Nd4 d6 11. O-O Nxd4 12. cxd4 Nf6 13. e5 dxe5 14. Nc4 Qd8 15. dxe5 Nd5 16. Nd6+ exd6 17. Qxd5 O-O 18. exd6 Be6 19. Qxb7 Qxd6 20. Rad1 Qe5 21. Bd4 Qf5 22. Bxg7 Kxg7 23. Rfe1 Bxb3 24. Qxb3 Rab8 25. Qc3+ Qf6 26. Qxf6+ Kxf6 27. Rd6+ Kg7 28. b3 Rfd8 29. Ra6 Rb7 30. Ra4 h5 31. h3 gxh3 32. g3 Rd2 33. Rf1 Rb6 34. Rxa7 h4 35. gxh4 Rg6+ 36. Kh2 Rg2+ 37. Kxh3 Rgxf2 38. Rxf2 Rxf2 39. b4 Rb2 40. a3 Kg6 41.
Ra6+ Kh5 42. Ra5+ Kg6 43. h5+ Kh6 44. Kg4 f6 45. Kf5 Rf2+ 46. Ke6 Re2+ 47. Kxf6 1-0

[Event "Late-Titled-Tuesday-Blitz-March-05-2024"]
[Site "Chess.com"]
[Date "2024.03.05"]
[Round "1"]
[White "thesupera12"]
[Black "TigrVShlyape"]
[Result "0-1"]
[WhiteElo "2499"]
[BlackElo "2875"]
[TimeControl "180+1"]
[EndTime "14:06:34 PST"]
[Termination "TigrVShlyape won by resignation"]

1. d4 f5 2. e4 fxe4 3. Nc3 Nf6 4. Bg5 g6 5. Bxf6 exf6 6. Nxe4 Qe7 7. Qe2 f5 8. Nd2 Bg7 9. Qxe7+ Kxe7 10. c3 Bf6 11. O-O-O Kf7 12. Bc4+ Kg7 13. Ngf3 d6 14. Rhe1 Nc6 15.
Nf1 Bd7 16. Ne3 Rae8 17. Nd5 Bd8 18. Nf4 Kf6 19. Nd5+ Kg7 20. Nf4 Re4 21. Ne6+ Kf6 22. Neg5 Rxe1 23. Rxe1 h6 24. Nf7 Rf8 25. Nxh6 Kg7 26.
Nf7 Rxf7 27. Bxf7 Kxf7 28. Kc2 Bf6 29. b3 Be6 30. Rd1 Bd5 31. Ne1 b5 32. f3 g5 33.
Nd3 a5 34. a3 a4 35. bxa4 bxa4 36. Rb1 Bb3+ 37. Kd2 Na5 38. Nc1 d5 39. Nxb3 Nxb3+ 40. Kd3 Be7 41. c4 dxc4+ 42. Kxc4 Nd2+ 43. Kb5 Nxb1 0-1

[Event "Late-Titled-Tuesday-Blitz-March-05-2024"]
[Site "Chess.com"]
[Date "2024.03.05"]
[Round "1"]
[White "Charodej1"]
[Black "Jarming"]
[Result "0-1"]
[WhiteElo "2333"]
[BlackElo "2634"]
[TimeControl "180+1"]
[EndTime "14:06:34 PST"]
[Termination "Jarming won by resignation"]

1. e4 e5 2. Nf3 Nc6 3. Bb5 g6 4.
d4 exd4 5. Bg5 Be7 6. Bxe7 Qxe7 7. Bxc6 dxc6 8. Qxd4 Nf6 9. Nc3 O-O 10. O-O Be6 11.
Rad1 Rfd8 12. Qe5 Rd6 13. Nd4 Rad8 14. Nxe6 Rxe6 15. Rxd8+ Qxd8 16. Qg5 h6 17. Qxh6 Nxe4 18. Nxe4 Rxe4 19. Qh3 Re2 20. Qc3 Qd5 21. a3 a5 22. Re1 Rxe1+ 23. Qxe1 Kf8 24. h3 Qd4 25. Qxa5 Qxb2 26. Qxc7 Qxa3 27. Qxb7 Qc1+ 28. Kh2 Qxc2 29.
Qb8+ Kg7 30. Qe5+ Kh7 31. Qf6 Qc4 32. h4 Qd5 33. f4 c5 34. g4 c4 35. f5 gxf5 36.
gxf5 Kg8 37. Qg5+ Kf8 38. Qh6+ Ke8 39. Qh8+ Kd7 40. Qh5 c3 0-1

[Event "Late-Titled-Tuesday-Blitz-March-05-2024"]
[Site "Chess.com"]
[Date "2024.03.05"]
[Round "1"]
[White "JaackCamel"]
[Black "Shahdad2007"]
[Result "0-1"]
[WhiteElo "2210"]
[BlackElo "2573"]
[TimeControl "180+1"]
[EndTime "14:06:34 PST"]
[Termination "Shahdad2007 won by resignation"]

1. d4 Nf6 2. c4 c6 3. Nc3 d5 4. cxd5 cxd5 5. Bf4 Nc6 6. e3 a6 7. Bd3 g6 8. h3 Bg7 9. Nf3 O-O 10. O-O b5 11.
Rc1 Bb7 12. a4 b4 13. Nb1 Rc8 14. Qe2 Qb6 15. Nbd2 Na5 16. Ne5 Rfd8 17. Rfd1 Ne8 18. Bg3 Nd6 19. Bf4 f6 20. Nef3 Nf7 21. Bg3 e5 22. dxe5 fxe5 23. e4 d4 24. b3 Rc3 25.
Nc4 Nxc4 26. Bxc4 d3 27. Bxd3 Rdxd3 28. Rxd3 Rxc1+ 29. Kh2 Rc8 30. Rd7 Qc6 31. Qd2 Rf8 32. Bh4 Qxe4 33. Be7 Re8 34. Bc5 Bc6 35. Rxf7 Qd5 36.
Qxd5 Bxd5 37. Re7 Rxe7 38. Bxe7 e4 39. Ng5 h6 40. Bxb4 hxg5 41. Kg3 Be6 0-1

[Event "Late-Titled-Tuesday-Blitz-March-05-2024"]
[Site "Chess.com"]
[Date "2024.03.05"]
[Round "1"]
[White "1g60-1"]
[Black "Mikhail_Golubev"]
[Result "0-1"]
[WhiteElo "2366"]
[BlackElo "2653"]
[TimeControl "180+1"]
[EndTime "14:06:35 PST"]
[Termination "Mikhail_Golubev won by resignation"]

1. e4 c5 2. Nf3 d6 3. d4 Nf6 4.
Nc3 cxd4 5. Nxd4 Nc6 6. f3 e5 7.
Nb3 Be7 8. Be3 O-O 9. Qd2 a5 10.
Bb5 Be6 11. O-O-O Nb4 12. g4 d5 13. g5 Nxe4 14. fxe4 d4 15. Qe1 Bxg5 16. Bxg5 Qxg5+ 17. Kb1 dxc3 18. Rg1 Qe7 19. Qxc3 Nxa2 20. Qxe5 f6 21. Qd6 Qxd6 22. Rxd6 Bf7 23. Nc5 Nb4 24. Nd7 Rfd8 25. Nxf6+ Kh8 26. Rxd8+ Rxd8 27. Nd7 Be8 28. c3 Bxd7 29. Bxd7 Rxd7 30. cxb4 axb4 31. Rc1 g6 32.
Rc4 b3 33. Kc1 Kg7 34. Rb4 Re7 35. Rxb3 Rxe4 36. Rxb7+ Kh6 37. Rc7 Re1+ 38. Kd2 Rh1 39. b4 Rxh2+ 40. Kd3 Rb2 41. Kc3 Rb1 42. Kc2 Rxb4 0-1

[Event "Late-Titled-Tuesday-Blitz-March-05-2024"]
[Site "Chess.com"]
[Date "2024.03.05"]
[Round "1"]
[White "MikeSailer"]
[Black "djano"]
[Result "0-1"]
[WhiteElo "2181"]
[BlackElo "2568"]
[TimeControl "180+1"]
[EndTime "14:06:36 PST"]
[Termination "djano won by checkmate"]

1. d4 Nf6 2. Bf4 g6 3. Nf3 Bg7 4. e3 d6 5. Be2 c5 6. O-O Nh5 7. Bg5 h6 8. Bh4 g5 9. Nfd2 Nf4 10. exf4 gxh4 11. Nb3 cxd4 12. Nxd4 Nc6 13. Nxc6 bxc6 14. c3 h3 15. g3 Rb8 16. Qc2 Qa5 17. Na3 Bf5 18.
Qd2 d5 19. Rfe1 Qb6 20. b4 d4 21. Nc4 dxc3 22. Qc1 Qxb4 23. Ne5 Qc5 24. Bf3 Rb2 25. Rf1 Bxe5 26. fxe5 Qxe5 27. Bxc6+ Kf8 28. Qd1 Qd6 29.
Qf3 c2 30. Qxf5 Qxc6 31. Rac1 Qg2# 0-1

[Event "Late-Titled-Tuesday-Blitz-March-05-2024"]
[Site "Chess.com"]
[Date "2024.03.05"]
[Round "1"]
[White "Chopper1905"]
[Black "tgpgoat"]
[Result "1-0"]
[WhiteElo "2961"]
[BlackElo "2517"]
[TimeControl "180+1"]
[EndTime "14:06:37 PST"]
[Termination "Chopper1905 won by resignation"]

1. Nf3 Nf6 2. c4 e6 3. Nc3 d5 4.
e3 Be7 5. b3 O-O 6. Bb2 dxc4 7.
Bxc4 c5 8. g4 Nc6 9. g5 Nd5 10.
Rg1 Bd6 11. Qc2 Ne5 12. Nxe5 Bxe5 13. Qe4 Bxc3 14. dxc3 Bd7 15. O-O-O Bc6 16. Bd3 g6 17.
c4 Nb4 18. Qe5 f6 19. Qxe6+ Rf7 20. Bxg6 hxg6 21. Rxd8+ Rxd8 22. gxf6 Nd3+ 23. Kb1 Nxf2 24. Rxg6+ Kf8 25. Rg1 Be4+ 26. Ka1 Bc2 27. Qe5 b6 28. Qg3 1-0

[Event "Late-Titled-Tuesday-Blitz-March-05-2024"]
[Site "Chess.com"]
[Date "2024.03.05"]
[Round "1"]
[White "semchik73"]
[Black "TheCavemanChess"]
[Result "0-1"]
[WhiteElo "2420"]
[BlackElo "2710"]
[TimeControl "180+1"]
[EndTime "14:06:39 PST"]
[Termination "TheCavemanChess won by checkmate"]

1. Nf3 d5 2. c4 d4 3. e3 c5 4. b4 Nf6 5. exd4 cxd4 6. Bb2 e5 7. Nxe5 Bxb4 8. Qa4+ Nbd7 9. Nxd7 Qe7+ 10. Be2 Bxd7 11.
Qb3 Bc5 12. Ba3 Bxa3 13. Qxa3 Qe5 14.
O-O Qxe2 15. Nc3 Qxc4 16. Rfe1+ Be6 17. Na4 Qd5 18. Nb6 axb6 19. Qxa8+ Qd8 20. Qa4+ Qd7 21.
Qa8+ Qd8 22. Qa4+ Nd7 23. Qxd4 O-O 24. Re3 Nc5 25. Qc3 Bf5 26. Qe5 Bg6 27. d4 Nd3 28. Qb5 Qxd4 29. Rd1 Qc5 30. Qa4 Nb2 31. Qd7 Nxd1 32.
Re8 Qxf2+ 33. Kh1 Qf1# 0-1

[Event "Late-Titled-Tuesday-Blitz-March-05-2024"]
[Site "Chess.com"]
[Date "2024.03.05"]
[Round "1"]
[White "becemix"]
[Black "grzechu96"]
[Result "0-1"]
[WhiteElo "2441"]
[BlackElo "2738"]
[TimeControl "180+1"]
[EndTime "14:06:42 PST"]
[Termination "grzechu96 won on time"]

1. e4 c5 2. d4 cxd4 3. c3 Nf6 4. e5 Nd5 5. cxd4 d6 6. f4 Nc6 7. Nc3 dxe5 8. fxe5 Bf5 9. a3 e6 10. Nf3 Be7 11.
Bd3 Bg4 12. Be4 Nb6 13. Ne2 O-O 14. Qd3 g6 15. Bh6 Re8 16. O-O Bf5 17. Ng3 Qd7 18. Rad1 Rad8 19. Bxf5 exf5 20. d5 Qxd5 21. Qb1 Qc5+ 22. Kh1 Rxd1 23. Qxd1 Nxe5 24. Ng5 Ng4 0-1

[Event "Late-Titled-Tuesday-Blitz-March-05-2024"]
[Site "Chess.com"]
[Date "2024.03.05"]
[Round "1"]
[White "jactorres"]
[Black "karinachess1"]
[Result "0-1"]
[WhiteElo "2281"]
[BlackElo "2595"]
[TimeControl "180+1"]
[EndTime "14:06:42 PST"]
[Termination "karinachess1 won on time"]

1. e4 e5 2. Nf3 Nc6 3. Bc4 Nf6 4. d3 h6 5. c3 d6 6. Nbd2 g5 7. Qe2 Bg7 8. a4 Qe7 9. Ba2 g4 10. Nh4 Nxe4 11. Ng6 fxg6 12. dxe4 Be6 13. Nc4 O-O 14.
Ne3 h5 15. Nd5 Qf7 16. Be3 Ne7 17. Nxe7+ Qxe7 18. Bxe6+ Qxe6 19. h3 gxh3 20. gxh3 Rad8 21. Rd1 a6 22. h4 Rd7 23. Rg1 Kh7 24. Rg5 c6 25. c4 Bh6 26. Rg3 Bxe3 27. Qxe3 Qxc4 28.
Qg5 Qf7 29. f3 Qf6 30. Ke2 d5 31. Qxf6 Rxf6 32. Rgg1 d4 33. Kd3 Rxf3+ 34. Kc4 b5+ 35.
axb5 cxb5+ 36. Kc5 Rf2 37. Kb6 Rxb2 38. Kxa6 b4 39.
Rgf1 b3 40. Rf6 Rg2 41. Rb1 b2 42. Rb6 d3 43. R6xb2 Rxb2 44. Rxb2 d2 45. Rb1 d1=Q 0-1

[Event "Late-Titled-Tuesday-Blitz-March-05-2024"]
[Site "Chess.com"]
[Date "2024.03.05"]
[Round "1"]
[White "jaskol95"]
[Black "Chemim21"]
[Result "1-0"]
[WhiteElo "2572"]
[BlackElo "2201"]
[TimeControl "180+1"]
[EndTime "14:06:42 PST"]
[Termination "jaskol95 won on time"]

1. e4 e6 2. d4 d5 3. Nc3 Bb4 4. e5 c5 5. a3 Bxc3+ 6. bxc3 Qc7 7. Qg4 f6 8. f4 cxd4 9. Ne2 dxc3 10. Be3 Nc6 11. Nd4 f5 12. Nb5 Qd7 13. Nd6+ Kd8 14. Qh4+ Kc7 15. Bc5 b6 16. Nb5+ Kb7 17. Bd6 a6 18.
Nxc3 Nge7 19. Rb1 Ng6 20. Qf2 d4 21. Na4 Ka7 22. Rxb6 Rb8 23. Bxb8+ Nxb8 24. Rb4 Bb7 25. Rxd4 Qc6 26. Rb4+ 1-0

[Event "Late-Titled-Tuesday-Blitz-March-05-2024"]
[Site "Chess.com"]
[Date "2024.03.05"]
[Round "1"]
[White "Harry_Rakkel"]
[Black "Akhayan"]
[Result "1-0"]
[WhiteElo "2691"]
[BlackElo "2402"]
[TimeControl "180+1"]
[EndTime "14:06:44 PST"]
[Termination "Harry_Rakkel won by checkmate"]

1. e4 c5 2. Nf3 e6 3. d4 cxd4 4. Nxd4 Nf6 5. Nc3 d6 6. Be3 a6 7. Be2 Be7 8. a3 O-O 9. g4 d5 10. exd5 Nxd5 11. Nxd5 exd5 12. Qd2 Nc6 13. O-O-O Bf6 14.
Kb1 Re8 15. Rde1 Be6 16. h4 Rc8 17. f4 Qc7 18. Nxe6 fxe6 19. g5 Be7 20. Bg4 Bf8 21. Bf2 Na5 22. Bxe6+ Rxe6 23. Rxe6 Nc4 24. Qd3 Qxf4 25.
Bg3 Qg4 26. Qxd5 Kh8 27. Be5 Qh5 28. Rf1 b5 29. Rc6 Re8 30. Bc3 Qe2 31. Qf7 Bxa3 32. Qxg7# 1-0

[Event "Late-Titled-Tuesday-Blitz-March-05-2024"]
[Site "Chess.com"]
[Date "2024.03.05"]
[Round "1"]
[White "lluiss"]
[Black "Nouali_Mohamed"]
[Result "0-1"]
[WhiteElo "2167"]
[BlackElo "2563"]
[TimeControl "180+1"]
[EndTime "14:06:46 PST"]
[Termination "Nouali_Mohamed won on time"]

1. Nf3 Nf6 2. d4 g6 3. g3 Bg7 4. Bg2 O-O 5. O-O d6 6. c4 c5 7. Nc3 cxd4 8. Nxd4 Nc6 9. Nxc6 bxc6 10. Bxc6 Bh3 11.
Bg2 Bxg2 12. Kxg2 Rc8 13. Qa4 Qc7 14. Be3 Qb7+ 15. Kg1 Qxb2 16. Rac1 Qb7 17. Rc2 a6 18. Rfc1 e6 19. Qb3 Qc6 20. Na4 h5 21. Nb6 Rb8 22.
a4 Ng4 23. a5 h4 24. f3 Nxe3 25. Qxe3 hxg3 26. hxg3 Rb7 27. Kg2 Rc7 28. Qd3 Qc5 29. Qd2 Bd4 30. Na4 Qe5 31. c5 dxc5 0-1

[Event "Late-Titled-Tuesday-Blitz-March-05-2024"]
[Site "Chess.com"]
[Date "2024.03.05"]
[Round "1"]
[White "Gennady_Kozlov"]
[Black "GrotBchess"]
[Result "1-0"]
[WhiteElo "2674"]
[BlackElo "2396"]
[TimeControl "180+1"]
[EndTime "14:06:47 PST"]
[Termination "Gennady_Kozlov won by resignation"]

1. b3 e5 2. Bb2 Nc6 3. e3 g6 4. f4 Bg7 5. Nf3 d6 6. Bb5 Qe7 7. O-O Bd7 8. Na3 a6 9. Bxc6 Bxc6 10. Nc4 f6 11. d4 e4 12. Nfd2 d5 13. Na3 Nh6 14. c4 f5 15. h3 Nf7 16. Rc1 O-O 17.
Nc2 Rfd8 18. Ba3 Qe6 19. Nb4 a5 20. Nxc6 bxc6 21. cxd5 cxd5 22. Qc2 Rd7 23. Qc6 Ra6 24. Qxe6 Rxe6 25. Rc5 Ra6 26. Rb5 Bf8 27. Bxf8 Kxf8 28.
Rc1 Nd6 29. Rbc5 Ne8 30. Nb1 Ke7 31. Nc3 Ke6 32. Nb5 a4 33. b4 a3 34. Nxc7+ Nxc7 35. Rxc7 Rxc7 36. Rxc7 Rb6 37. Rxh7 Rxb4 38. Ra7 Rb1+ 39.
Kh2 Kf6 40. h4 Rb2 41. Rxa3 Rb1 42. Kg3 Kg7 43. Rb3 Ra1 44. Ra3 Kh6 45. Ra5 Kg7 46. Kh3 Re1 47. Ra3 Ra1 48. g4 Rh1+ 49. Kg2 Rxh4 50. Ra7+ Kg8 51. gxf5 gxf5 52. Ra5 Rg4+ 53.
Kf2 Rh4 54. Rxd5 Rh2+ 55. Kf1 Rh3 56. Ke2 Rh2+ 57. Kd1 Rh3 58. Kd2 Rh2+ 59. Kc3 Rh3 60. Rxf5 Rxe3+ 61. Kc4 Rf3 62. a4 Kg7 63. a5 Kg6 64.
Re5 Rxf4 65. a6 Rf6 66. Ra5 e3 67. Kd3 Re6 68. Ke2 Re8 69. a7 Ra8 70. Kxe3 Kf6 71. Ke4 Ke6 72. d5+ Kd6 73. Ra6+ Kd7 74. Ke5 Re8+ 75. Kd4 Ra8 76. d6 Kd8 77. Ke5 Kd7 78. Kd5 Ke8 79. Ke6 Kd8 80. d7 Kc7 81. Ke7 Kb7 82. d8=Q 1-0

[Event "Late-Titled-Tuesday-Blitz-March-05-2024"]
[Site "Chess.com"]
[Date "2024.03.05"]
[Round "1"]
[White "HalfIsCrayfish"]
[Black "PNEPaul"]
[Result "1-0"]
[WhiteElo "2536"]
[BlackElo "1932"]
[TimeControl "180+1"]
[EndTime "14:06:48 PST"]
[Termination "HalfIsCrayfish won by checkmate"]

1. e4 e5 2. Nc3 Nc6 3. g3 g6 4. Bg2 Bg7 5. d3 Nge7 6. Nge2 h6 7. Be3 O-O 8. Qd2 Kh7 9. O-O-O d6 10. f3 Be6 11. h4 Nd4 12. h5 g5 13. f4 Nxe2+ 14.
Nxe2 exf4 15. gxf4 Bxa2 16. fxg5 hxg5 17. Bxg5 Qd7 18.
Nc3 Be6 19. Rdf1 b5 20. h6 Bh8 21. Bf6 b4 22. Bxh8 Rxh8 23. Nd5 Bxd5 24. exd5 Raf8 25.
Bh3 Qa4 26. Qg5 Rhg8 27. Qxe7 Qa1+ 28. Kd2 Qxb2 29. Rxf7+ Rxf7 30. Qxf7+ Kh8 31. h7 Rb8 32. Be6 Qc3+ 33. Kd1 Qa1+ 34. Ke2 Qe5+ 35. Kf3 Qg7 36. Qg8+ Rxg8 37. hxg8=Q# 1-0

[Event "Late-Titled-Tuesday-Blitz-March-05-2024"]
[Site "Chess.com"]
[Date "2024.03.05"]
[Round "1"]
[White "SpeedofLight0"]
[Black "BigAl"]
[Result "1-0"]
[WhiteElo "3091"]
[BlackElo "2525"]
[TimeControl "180+1"]
[EndTime "14:06:49 PST"]
[Termination "SpeedofLight0 won by resignation"]

1. d4 Nf6 2. Nc3 d6 3. e4 g6 4. Be3 Nc6 5. h3 a6 6. Nf3 Bg7 7. Qd2 O-O 8. O-O-O b5 9. Bd3 e5 10. Kb1 exd4 11. Nxd4 Nxd4 12. Bxd4 c5 13. Be3 Be6 14.
Bh6 Bxh6 15. Qxh6 Qa5 16. Be2 b4 17. Nd5 Bxd5 18. exd5 Rfe8 19. Bf3 Re5 20. h4 Rae8 21. h5 c4 22. hxg6 fxg6 23. Qh4 b3 24. axb3 cxb3 25.
cxb3 Kg7 26. Rc1 R8e7 27. Qh6+ Kf7 28. Qf4 Rf5 29. Qxd6 Rb7 30. Rc8 Re7 31. Rhc1 Rfe5 32. R8c6 Re1 33. Qxf6+ Kg8 34. Rc8+ Re8 35. Rxe8+ Rxe8 36.
d6 1-0

[Event "Late-Titled-Tuesday-Blitz-March-05-2024"]
[Site "Chess.com"]
[Date "2024.03.05"]
[Round "1"]
[White "LikeWater"]
[Black "the_blue_pill"]
[Result "1-0"]
[WhiteElo "2683"]
[BlackElo "2398"]
[TimeControl "180+1"]
[EndTime "14:06:49 PST"]
[Termination "LikeWater won on time"]

1. e4 c5 2. Nf3 d6 3. Bc4 Nf6 4. d3 Nc6 5. h3 g6 6. O-O Bg7 7. a3 O-O 8. Nc3 a6 9. Re1 h6 10. Ne2 Kh7 11. Ng3 e5 12. c3 Be6 13. Bxe6 fxe6 14.
b4 b6 15. Rb1 Qd7 16. Be3 Rf7 17. d4 exd4 18. cxd4 cxd4 19. Nxd4 Ne5 20. Qb3 d5 21. Rbd1 Nc4 22. Bc1 b5 23. exd5 exd5 24. Ne6 Re8 25. Nc5 Rxe1+ 26. Rxe1 Qc8 27. Qd3 Nd6 28.
Bb2 Nfe4 29. Bxg7 Rxg7 30. Qxd5 Nxg3 31. Qxd6 Nf5 32. Qf6 Qg8 33. Qxa6 1-0

[Event "Late-Titled-Tuesday-Blitz-March-05-2024"]
[Site "Chess.com"]
[Date "2024.03.05"]
[Round "1"]
[White "CarrotsandPizza"]
[Black "SocoLoco"]
[Result "1-0"]
[WhiteElo "2587"]
[BlackElo "2237"]
[TimeControl "180+1"]
[EndTime "14:06:50 PST"]
[Termination "CarrotsandPizza won by checkmate"]

1. e4 c5 2. Nf3 e6 3. d4 cxd4 4.
Nxd4 Nf6 5. Nc3 Nc6 6. Nxc6 bxc6 7. e5 Nd5 8. Nxd5 cxd5 9. Bd3 d6 10. Bf4 Qc7 11. Qe2 Rb8 12. O-O Rxb2 13. Rab1 Rb7 14. Rfe1 Be7 15. Qg4 g6 16. Qg3 Rb6 17. Rxb6 Qxb6 18.
exd6 Bf6 19. Bh6 Kd7 20. Qf3 Qd4 21. Rb1 Kxd6 22. Be3 Qc3 23. Bxa7 Bd7 24. g4 Ra8 25. Be3 Rxa2 26. g5 Ra1 27. Rxa1 Qxa1+ 28. Kg2 Be5 29. Qxf7 Qd1 30. Qf8+ Kc7 31. Qc5+ Kd8 32. h3 Qa1 33. Qf8+ Kc7 34. Qf7 d4 35. Bd2 Kd6 36. Qxh7 Bc6+ 37.
f3 Qd1 38. Bb4+ Kd5 39. Qxg6 Qb1 40. Qe4# 1-0

[Event "Late-Titled-Tuesday-Blitz-March-05-2024"]
[Site "Chess.com"]
[Date "2024.03.05"]
[Round "1"]
[White "annacramling"]
[Black "Perecke"]
[Result "0-1"]
[WhiteElo "2064"]
[BlackElo "2545"]
[TimeControl "180+1"]
[EndTime "14:06:51 PST"]
[Termination "Perecke won on time"]

1. d4 Nf6 2. c4 e6 3. Nf3 d6 4. Nc3 Nbd7 5. e4 Ng8 6. Bd3 Ne7 7. O-O g6 8. e5 Bg7 9. Bf4 dxe5 10. dxe5 O-O 11.
Qe2 c6 12. Rad1 Qc7 13. Ne4 b6 14. Nd6 Ba6 15. Ng5 Nc5 16. Bc2 Nc8 17. b4 Nd7 18. b5 cxb5 19. cxb5 Nxd6 20. exd6 Bxb5 21. Qxb5 Qxc2 22.
Qxd7 e5 23. Bg3 Qxa2 24. Nf3 Rad8 25. Qc6 Qe6 26. Rfe1 e4 27. Nd4 Qe8 0-1

[Event "Late-Titled-Tuesday-Blitz-March-05-2024"]
[Site "Chess.com"]
[Date "2024.03.05"]
[Round "1"]
[White "2346PL"]
[Black "MagnusCarlsen"]
[Result "0-1"]
[WhiteElo "2532"]
[BlackElo "3256"]
[TimeControl "180+1"]
[EndTime "14:06:52 PST"]
[Termination "MagnusCarlsen won by resignation"]

1. d4 Nf6 2. Bg5 e6 3. Nd2 h6 4. Bh4 c5 5. c3 cxd4 6. cxd4 Qb6 7. Bxf6 gxf6 8. e3 Qxb2 9. Ngf3 d5 10. Bd3 Qa3 11.
Qe2 Nc6 12. O-O Bd7 13. e4 Nb4 14. Bb5 O-O-O 15. Rfc1+ Kb8 16. Bxd7 Rxd7 17. Nb3 Qa6 18. Qe3 Be7 19. a3 Nc6 20. exd5 Rxd5 21. Nc5 Bxc5 22. dxc5 Qa4 23. Rab1 Rhd8 24. h3 h5 25. Qh6 Rf5 26. Qg7 Rd7 27. Qf8+ Kc7 28. Qa8 Qa6 29. Rd1 Rfd5 30. Rxd5 exd5 31. Qh8 Qxa3 32. Qxh5 Qxc5 33. Qe5+ Nxe5 0-1

[Event "Late-Titled-Tuesday-Blitz-March-05-2024"]
[Site "Chess.com"]
[Date "2024.03.05"]
[Round "1"]
[White "arenal72"]
[Black "Kostukov_Alex"]
[Result "1-0"]
[WhiteElo "2642"]
[BlackElo "2348"]
[TimeControl "180+1"]
[EndTime "14:06:54 PST"]
[Termination "arenal72 won on time"]

1. Nf3 c5 2. g3 g6 3. Bg2 Bg7 4. O-O Nf6 5. d3 O-O 6. e4 d5 7. e5 Ng4 8. Bf4 Nc6 9. Qe2 f6 10. exf6 exf6 11. Nc3 Re8 12. Qd2 g5 13. Nxg5 fxg5 14.
Bxg5 Qd6 15. Nxd5 Be6 16. Bf4 Be5 17. Bxe5 Ncxe5 18. c4 Bxd5 19. Qg5+ Kh8 20. cxd5 Qh6 21. Qxh6 Nxh6 22. Rfd1 Nf5 23. f4 Ng6 24. Be4 Nd4 25.
Kg2 Rad8 26. Rac1 b6 27. Rc4 Ne7 28. b4 Nxd5 29. Bxd5 Rxd5 30. bxc5 bxc5 31. Rb1 Re2+ 32. Kh3 Nf3 33. Re4 1-0

[Event "Late-Titled-Tuesday-Blitz-March-05-2024"]
[Site "Chess.com"]
[Date "2024.03.05"]
[Round "1"]
[White "C_K_G"]
[Black "Squirlolz"]
[Result "0-1"]
[WhiteElo "2155"]
[BlackElo "2562"]
[TimeControl "180+1"]
[EndTime "14:06:54 PST"]
[Termination "Squirlolz won by resignation"]

1. e4 d6 2. Nf3 Nf6 3. Nc3 Bg4 4. d4 e6 5. Be2 d5 6. e5 Nfd7 7. h3 Bxf3 8. Bxf3 c5 9. O-O cxd4 10.
Qxd4 Nc6 11. Qa4 Ndxe5 12. Be2 Bd6 13. f4 Nd7 14. Bb5 O-O 15. Bxc6 Qb6+ 16. Kh1 Qxc6 17. Qd4 Bc5 18. Qd3 f5 19. Bd2 Nf6 20. Rae1 Ne4 21. Nxe4 fxe4 22. Qb3 Kh8 23. a3 Rf7 24. Bc3 d4 25.
Bb4 Bxb4 26. Qxb4 Rd8 27. Re2 e3 28. c3 e5 29. f5 Qe4 30. Qc4 Rxf5 31. Rxf5 Qxf5 32.
cxd4 exd4 33. Re1 h6 34. Qc7 Qf6 35. Qxb7 d3 36. Qb5 d2 37. Rg1 d1=Q 0-1

[Event "Late-Titled-Tuesday-Blitz-March-05-2024"]
[Site "Chess.com"]
[Date "2024.03.05"]
[Round "1"]
[White "anasta10"]
[Black "yosephtaher"]
[Result "0-1"]
[WhiteElo "2510"]
[BlackElo "2931"]
[TimeControl "180+1"]
[EndTime "14:06:58 PST"]
[Termination "yosephtaher won by resignation"]

1. Nf3 c5 2. g3 g6 3. Bg2 Bg7 4. O-O Nc6 5. c4 Nf6 6. Nc3 d5 7. cxd5 Nxd5 8. Qa4 Nc7 9. Qh4 h6 10. d3 Ne6 11. Be3 Rb8 12. Rfc1 b6 13. Qa4 Bd7 14.
Qd1 O-O 15. Qd2 Kh7 16. Rab1 Bc8 17. Ng5+ hxg5 18. Bxc6 g4 19. Bg2 a5 20. Ne4 Nd4 21. Bxd4 Qxd4 22. Qf4 Bf5 23. Rc4 Qd8 24. h3 e5 25. Qg5 f6 26. Qh4+ Kg8 27. hxg4 Be6 28. Rcc1 Bxa2 29. Ra1 Be6 30. Bf3 Qd4 31. Kg2 Kf7 32. e3 Qd7 33. g5 Rh8 34. Nxf6 Bxf6 35. Qe4 Bg7 36. d4 exd4 37. exd4 Bxd4 38. Rd1 Rbe8 39.
b4 Bh3+ 0-1

[Event "Late-Titled-Tuesday-Blitz-March-05-2024"]
[Site "Chess.com"]
[Date "2024.03.05"]
[Round "1"]
[White "TimGrutter03"]
[Black "HanSchut"]
[Result "1-0"]
[WhiteElo "2623"]
[BlackElo "2316"]
[TimeControl "180+1"]
[EndTime "14:06:59 PST"]
[Termination "TimGrutter03 won on time"]

1. e4 c5 2. Nf3 d6 3. c3 Nf6 4.
Bd3 Nc6 5. O-O e6 6. Bc2 Be7 7. d4 cxd4 8. cxd4 d5 9. e5 Ne4 10. Nc3 Nxc3 11. bxc3 Bd7 12. a4 b6 13. Ba3 Bxa3 14. Rxa3 Rc8 15. h4 Qe7 16. Ra1 Na5 17.
Qd3 Rc4 18. g3 h6 19. Nd2 Rc7 20. f4 g6 21. Qf3 h5 22. Rfc1 Qd8 23. Nb3 Qc8 24.
Bd1 Nc4 25. a5 b5 26. Be2 a6 27. Bxc4 Rxc4 28. Nc5 O-O 29. g4 hxg4 30. Qxg4 b4 31.
cxb4 Rxd4 32. h5 Kg7 33. Qg5 Qd8 34. Nxd7 Qxd7 35. Qf6+ Kh7 36. hxg6+ Kg8 37. g7 Rc8 38. Qh6 f5 39. Rxc8+ Kf7 40. Rf8+ 1-0